 Dungeon Sprint DCSS version 0.28-a0-1629-gf728b707aa (webtiles) character file.

Game seed: 6695751375667821460

6939 xpp the Thaumaturge (level 11, -8/89 (90) HPs)
             Began as a Gnoll Wanderer on Nov 14, 2021.
             Was the Champion of Kikubaaqudgha.
             Mangled by a vampire knight (11 damage)
             ... while paralysed by a vampire knight
             ... in the Dungeon (Sprint V: "Ziggurat Sprint") on Jan 25, 2022.
             The game lasted 00:35:30 (1513 turns).

xpp the Thaumaturge (Gnoll Wanderer)                Turns: 1513, Time: 00:35:32

HP:   -8/89 (90)    AC: 29    Str: 20    XL:     11   Next: 7%
MP:   26/26         EV: -1    Int: 16    God:    Kikubaaqudgha [******]
Gold: 0             SH:  0    Dex: 20    Spells: 12/32 levels left

rFire   + . .      SeeInvis +   u - +5 flail of Ytuest {vamp, Int+3 Dex+2}
rCold   + . .      Faith    .   F - +3 kite shield
rNeg    . . .      Spirit   .   D - +6 gold dragon scales
rPois   +          Reflect  .   K - +1 helmet {SInv}
rElec   .          Harm     .   (no cloak)
rCorr   .          Rampage  +   (no gloves)
Will    .....      NoTele   +   z - +2 pair of boots {rampage}
Stlth   ..........              (no amulet)
HPRegen 0.24/turn               x - +6 ring of strength
MPRegen 0.20/turn               t - +6 ring of dexterity

@: paralysed, constricted, studying Maces & Flails, lightly drained
A: fangs 1, strong nose, distributed training
a: Renounce Religion, Receive Corpses, Torment, Brand Weapon With Pain, Receive
Forbidden Knowledge


You were in the Dungeon.
You worshipped Kikubaaqudgha.
Kikubaaqudgha was exalted by your worship.
You visited 1 branch

Inventory:

Hand Weapons
 u - the +5 flail of Ytuest (weapon) {vamp, Int+3 Dex+2}
   (You found it in the Dungeon)

   It occasionally heals its wielder for a portion of the damage dealt when it
   wounds a living foe.
   Int:       It affects your intelligence (+3).
   Dex:       It affects your dexterity (+2).
 w - the +7 sceptre of Torment {pain, torment}
   (You found it in the Dungeon)

   In the hands of one skilled in necromantic magic, it inflicts extra damage on
   living creatures.
   It occasionally torments all nearby living foes when it strikes in combat.
 L - the +7 Singing Sword {vorpal, sonic wave}
   (You found it in the Dungeon)

   It inflicts extra damage upon your enemies.
   It radiates damaging sonic waves as it strikes, especially in combat
   involving dangerous or numerous foes.
 U - the +9 sword of Zonguldrok {reap}
   (You found it in the Dungeon)

   Any living foe damaged by it may be reanimated upon death as a zombie
   friendly to the wielder, with an increasing chance as more damage is dealt.
Missiles
 a - 1016 arrows
 l - 1021 bolts
 G - 1000 sling bullets
Armour
 z - a +2 pair of boots of rampaging (worn)
 D - +6 gold dragon scales (worn)
 F - a +3 kite shield (worn)
 K - a +1 helmet of see invisible (worn)
Jewellery
 j - a +4 ring of evasion
 s - a ring of flight
 t - a +6 ring of dexterity (right hand)
 x - a +6 ring of strength (left hand)
 N - a +4 ring of evasion
Wands
 A - a wand of iceblast (3)
Scrolls
 h - 4 scrolls of blinking
 n - 4 scrolls of amnesia
 o - 6 scrolls of fog
 p - a scroll of holy word
 q - 5 scrolls of identify
 r - 2 scrolls of fear
 v - 4 scrolls of brand weapon
 y - 3 scrolls of enchant armour
Potions
 c - 10 potions of curing
 d - 4 potions of heal wounds
 e - 6 potions of haste
 f - 7 potions of magic
 g - 2 potions of berserk rage
 i - 2 potions of brilliance
 k - 4 potions of resistance
 m - 5 potions of might
Miscellaneous
 B - a lightning rod (2/4)
 C - a lightning rod (2/4)
 M - a tin of tremorstones (2/2)
 O - a condenser vane


   Skills:
 + Level 9.8 Fighting
 + Level 9.8 Short Blades
 + Level 9.8 Long Blades
 + Level 9.8 Axes
 + Level 9.8 Maces & Flails
 + Level 9.8 Polearms
 + Level 9.8 Staves
 + Level 9.8 Slings
 + Level 9.8 Bows
 + Level 9.8 Crossbows
 + Level 10.1 Throwing
 + Level 9.8 Armour
 + Level 9.8 Dodging
 + Level 9.8 Stealth
 + Level 9.8 Shields
 + Level 9.8 Unarmed Combat
 + Level 11.0 Spellcasting
 + Level 8.2 Conjurations
 + Level 8.2 Hexes
 + Level 9.1 Summonings
 + Level 8.2 Necromancy
 + Level 8.5 Translocations
 + Level 8.2 Transmutations
 + Level 8.2 Fire Magic
 + Level 8.2 Ice Magic
 + Level 8.5 Air Magic
 + Level 8.2 Earth Magic
 + Level 9.1 Poison Magic
 + Level 10.6 Invocations
 + Level 10.1 Evocations


You had 12 spell levels left.
You knew the following spells:

 Your Spells              Type           Power      Damage    Failure   Level
a - Mephitic Cloud        Conj/Pois/Air  36%        N/A       86%         3
b - Stone Arrow           Conj/Erth      70%        3d11      90%         3
c - Vampiric Draining     Necr           35%        2d8       90%         3
d - Agony                 Necr           35%        N/A       100%        5
e - Death Channel         Necr           17%        N/A       100%        6

Your spell library contained the following spells:

 Spells                   Type           Power      Damage    Failure   Level
 Summon Small Mammal      Summ           100%       N/A       43%         1
 Animate Skeleton         Necr           70%        N/A       56%         1
 Magic Dart               Conj           100%       1d8       56%         1
 Pain                     Necr           100%       1d9       56%         1
 Slow                     Hex            100%       N/A       56%         1
 Call Imp                 Summ           38%        N/A       56%         2
 Blink                    Tloc           72%        N/A       65%         2
 Static Discharge         Conj/Air       35%        N/A       67%         2
 Sublimation of Blood     Necr           35%        N/A       71%         2
 Wereblood                Tmut           35%        N/A       71%         2
 Call Canine Familiar     Summ           38%        N/A       80%         3
 Summon Guardian Golem    Hex/Summ       36%        N/A       86%         3
 Ignite Poison            Fire/Tmut/Pois 36%        N/A       87%         3
 Conjure Flame            Conj/Fire      35%        6-21      90%         3
 Tukima's Dance           Hex            35%        N/A       90%         3
 Passage of Golubria      Tloc           36%        N/A       99%         4
 Animate Dead             Necr           17%        N/A       100%        4
 Dispel Undead            Necr           35%        3d15      100%        4
 Flame Wave               Conj/Fire      35%        2d8       100%        4
 Fulminant Prism          Conj/Hex       17%        3d11      100%        4
 Excruciating Wounds      Necr           17%        N/A       100%        5
 Irradiate                Conj/Tmut      17%        3d19      100%        5
 Lightning Bolt           Conj/Air       17%        1d32      100%        5
 Silence                  Hex/Air        17%        N/A       100%        5
 Yara's Violent Unravell  Hex/Tmut       17%        3d8       100%        5
 Orb of Destruction       Conj           17%        9d7       100%        7
 Spellforged Servitor     Conj/Summ      18%        N/A       100%        7
 Ignition                 Fire           17%        3d7       100%        8


Dungeon Overview and Level Annotations

Branches:
Dungeon (1/1)

Altars:
Ashenzari
Cheibriados
Dithmenos
Elyvilon
Fedhas
Gozag
Hepliaklqana
Kikubaaqudgha
Makhleb
Nemelex Xobeh
Okawaru
Qazlal
Ru
Sif Muna
Trog
Uskayaw
Vehumet
Wu Jian
Xom
Yredelemnul
Zin
The Shining One
Beogh
Jiyva
Lugonu

Annotations:
D 1 transporter


Innate Abilities, Weirdness & Mutations

You have very sharp teeth.
Your uncanny sense of smell can sniff out nearby items.
Your experience applies equally to all skills.


Message History

The vampire mage bites you.
The vampire mage draws strength from your injuries!
The shadow hits you. The vampire hits you.
The vampire bites you but does no damage.
The vampire knight hits you from afar with a +0 halberd!
The necrophage hits you but does no damage.
The vampire mage gestures at you while chanting.
The bolt of negative energy hits you.
You feel drained. The shadow barely misses you.
The bat zombie hits you but does no damage.
The vampire points at you and mumbles some strange words.
You resist with some effort.
The bat zombie hits you but does no damage. x2
The vampire knight hits you with a +1 long sword of electrocution.
You are electrocuted!!
The vampire knight bites you but does no damage.
The vampire knight hits you from afar with a +0 halberd!
* * * LOW HITPOINT WARNING * * *
The necrophage hits you but does no damage.
The vampire mage hits you.
* * * LOW HITPOINT WARNING * * *
The vampire mage bites you but does no damage.
The shadow hits you.
* * * LOW HITPOINT WARNING * * *
The vampire hits you but does no damage.
The vampire bites you but does no damage.
The bat zombie hits you but does no damage.
The ball python skeleton bites you.
* * * LOW HITPOINT WARNING * * *
The ball python skeleton grabs you.
The ball python skeleton constricts you.
The bat zombie hits you.
* * * LOW HITPOINT WARNING * * *
The bat zombie hits you but does no damage.
The vampire knight hits you with a +1 long sword of electrocution!
* * * LOW HITPOINT WARNING * * *
The vampire knight bites you but does no damage.
The vampire knight hits you from afar with a +0 halberd!
You die...
Kikubaaqudgha rasps: "You have failed me!
Welcome... death!"

▓▓▓▓▓▓▓▓▓▓▓▓▓▓▓▓▓▓▓
▓...8©8...▓...8©8...▓
∆
▓..}}:")..▓...[).[..▓
▓..}}:[=..▓...).....▓
▓.........▓.........▓
▓.........▓.........▓
▓....Z.V..▓.........▓
▓...VWn...▓.).).....▓
▓...V@Z...▓.▓÷÷...▓.▓
▓.▓.VZ..▓.▓...÷©....▓
▓....©....▓▓▓▓▓▓▓▓▓▓▓
▓▓▓▓▓▓▓▓▓▓▓ ∆∆∆∆∆∆∆∆
∆∆∆∆∆∆∆∆∆ ∆
∆∆∆∆∆∆∆∆∆∆∆∆∆∆∆∆∆∆ ∆
∆∆∆∆∆∆∆∆∆∆∆∆∆∆∆∆∆∆ ∆
∆∆∆∆∆∆∆


You could see 2 vampire knights, a vampire mage (invisible), a vampire, a
necrophage, a shadow, a bat zombie, a quokka zombie and a ball python skeleton.

Vanquished Creatures
  A yaktaur captain (D)
  2 centaur warriors (D)
  A cyclops (D)
  A black mamba (D)
  A yaktaur (D)
  A rime drake (D)
  4 polar bears (D)
  A raiju (D)
  3 spriggans (D)
  A steam dragon (D)
  A basilisk (D)
  2 nagas (D)
  4 water moccasins (D)
  An acid dragon (D)
  3 swamp drakes (D)
  2 ice beasts (D)
  A necrophage (D)
  6 wolves (D)
  3 centaurs (D)
  2 phantoms (D)
  A quasit (D)
  An iron imp (D)
  2 iguanas (D)
  An adder (D)
  2 shadow imps (D)
  3 white imps (D)
  An adder skeleton (D)
  2 ball pythons (D)
  A giant cockroach zombie (D)
55 creatures vanquished.

Notes
Turn   | Place    | Note
-------+----------+-------------------------------------------
     0 | D        | xpp the Gnoll Wanderer began the quest for the Orb.
     0 | D        | xpp set off with the following items: a +0 dagger, a +0
                  | robe, a potion of curing, a potion of heal wounds, a potion
                  | of haste, 2 potions of magic, a potion of berserk rage, a
                  | scroll of blinking; and the following spells available to
                  | memorise: Summon Small Mammal, Call Imp, Call Canine
                  | Familiar, Blink, Magic Dart, Slow, Mephitic Cloud, Conjure
                  | Flame
     0 | D        | Reached XP level 1. HP: 13/13 MP: 6/6
     0 | D        | Found a shimmering blue altar of Sif Muna.
     0 | D        | Found a sacrificial altar of Ru.
     0 | D        | Found a bloodstained altar of Trog.
     0 | D        | Found a stormy altar of Qazlal.
     0 | D        | Found an iron altar of Okawaru.
     0 | D        | Found a sparkling altar of Nemelex Xobeh.
     0 | D        | Found a blossoming altar of Fedhas.
     0 | D        | Found the +6 Majin-Bo {vamp, MP+6 Int+6}
     0 | D        | Found the +9 heavy crossbow "Sniper" {vorpal, Acc+∞ SInv}
     0 | D        | Found the +10 dark maul {vorpal}
     0 | D        | Found the +15 Maxwell's patent armour {-Cast -Tele rElec
                  | Will+ rCorr}
     0 | D        | Found the +18 shield of the Gong {rElec rN+ Will+ EV-5}
     0 | D        | Found the +14 obsidian axe {vorpal, Mesm Drain Fly SInv}
     0 | D        | Found the +7 great mace "Firestarter" {inner flame, rF++}
     0 | D        | Found the +6 shillelagh "Devastator" {shatter}
     0 | D        | Found the +11 plutonium sword {Contam Stlth-}
     0 | D        | Found the +8 lance "Wyrmbane" {slay drac, rPois rF+ rC+
                  | AC+3}
     0 | D        | Found the +9 sword of Zonguldrok {reap}
     0 | D        | Found the +13 scythe of Curses {drain, Drain}
     0 | D        | Found the +5 sword of Power {vorpal}
     0 | D        | Found the +7 mace of Variability {chain chaos}
     0 | D        | Found the +7 Singing Sword {vorpal, sonic wave}
     0 | D        | Found the +8 storm bow {elec, penet}
     2 | D        | Found a transporter.
     2 | D        | Found an ancient bone altar of Kikubaaqudgha.
     2 | D        | Found a viscous altar of Jiyva.
     2 | D        | Found a corrupted altar of Lugonu.
     2 | D        | Found a hazy altar of Hepliaklqana.
     2 | D        | Found a burning altar of Makhleb.
     2 | D        | Found an opulent altar of Gozag.
    32 | D        | Reached skill level 5 in Spellcasting
    32 | D        | Reached skill level 1 in Conjurations
    32 | D        | Reached skill level 1 in Hexes
    32 | D        | Reached skill level 1 in Necromancy
    32 | D        | Reached skill level 1 in Transmutations
    32 | D        | Reached skill level 1 in Fire Magic
    32 | D        | Reached skill level 1 in Ice Magic
    32 | D        | Reached skill level 1 in Earth Magic
    32 | D        | Reached XP level 2. HP: 23/23 MP: 6/8
    90 | D        | Became a worshipper of Kikubaaqudgha
   110 | D        | Entered arena 2.
   110 | D        | Found a transporter.
   185 | D        | Entered arena 3.
   185 | D        | Noticed a raiju
   185 | D        | Found a transporter.
   187 | D        | Reached * piety under Kikubaaqudgha
   187 | D        | Received a gift from Kikubaaqudgha
   188 | D        | Reached XP level 3. HP: 29/29 MP: 10/10
   189 | D        | Reached skill level 6 in Spellcasting
   189 | D        | Reached XP level 4. HP: 17/35 MP: 12/12
   193 | D        | Killed a raiju
   193 | D        | Reached ** piety under Kikubaaqudgha
   194 | D        | Reached skill level 5 in Throwing
   194 | D        | Reached skill level 5 in Summonings
   194 | D        | Reached skill level 5 in Poison Magic
   194 | D        | Reached skill level 5 in Invocations
   194 | D        | Reached skill level 5 in Evocations
   194 | D        | Reached XP level 5. HP: 34/43 MP: 14/14
   194 | D        | Reached XP level 6. HP: 39/49 MP: 15/15
   257 | D        | Entered arena 4.
   257 | D        | Noticed a polar bear
   257 | D        | Noticed an ice beast
   257 | D        | Found a transporter.
   261 | D        | Killed an ice beast
   262 | D        | Reached skill level 5 in Fighting
   262 | D        | Reached skill level 5 in Short Blades
   262 | D        | Reached skill level 5 in Long Blades
   262 | D        | Reached skill level 5 in Axes
   262 | D        | Reached skill level 5 in Maces & Flails
   262 | D        | Reached skill level 5 in Polearms
   262 | D        | Reached skill level 5 in Staves
   262 | D        | Reached skill level 5 in Slings
   262 | D        | Reached skill level 5 in Bows
   262 | D        | Reached skill level 5 in Crossbows
   262 | D        | Reached skill level 5 in Armour
   262 | D        | Reached skill level 5 in Dodging
   262 | D        | Reached skill level 5 in Stealth
   262 | D        | Reached skill level 5 in Shields
   262 | D        | Reached skill level 5 in Unarmed Combat
   262 | D        | Reached skill level 7 in Spellcasting
   264 | D        | Killed a polar bear
   264 | D        | Reached *** piety under Kikubaaqudgha
   264 | D        | Received a gift from Kikubaaqudgha
   265 | D        | Reached skill level 5 in Translocations
   265 | D        | Reached skill level 5 in Air Magic
   265 | D        | Reached XP level 7. HP: 31/56 MP: 16/18
   405 | D        | Entered arena 5.
   405 | D        | Found a transporter.
   411 | D        | Reached skill level 5 in Conjurations
   411 | D        | Reached skill level 5 in Hexes
   411 | D        | Reached skill level 5 in Necromancy
   411 | D        | Reached skill level 5 in Transmutations
   411 | D        | Reached skill level 5 in Fire Magic
   411 | D        | Reached skill level 5 in Ice Magic
   411 | D        | Reached skill level 5 in Earth Magic
   415 | D        | Reached **** piety under Kikubaaqudgha
   416 | D        | Reached skill level 8 in Spellcasting
   416 | D        | Reached XP level 8. HP: 51/64 MP: 20/20
   480 | D        | Entered arena 6.
   480 | D        | Noticed a polar bear
   480 | D        | Noticed a polar bear
   480 | D        | Noticed a polar bear
   480 | D        | Found a transporter.
   490 | D        | Killed a polar bear
   492 | D        | Killed a polar bear
   492 | D        | Killed a polar bear
   492 | D        | Reached ***** piety under Kikubaaqudgha
   493 | D        | Upgraded the game from 0.28-a0-851-g8b9cc49659 to
                  | 0.28-a0-1629-gf728b707aa
   506 | D        | Entered arena 7.
   506 | D        | Noticed a rime drake
   507 | D        | Found a transporter.
   513 | D        | Reached XP level 9. HP: 61/72 MP: 21/21
   532 | D        | Reached skill level 9 in Spellcasting
   552 | D        | Killed a rime drake
   557 | D        | Got the Papyrus of Execration and the Blaze
   778 | D        | Entered arena 8.
   784 | D        | Reached ****** piety under Kikubaaqudgha
   788 | D        | Found a transporter.
   795 | D        | Got Sif Muna's Grimoire of Torrid Attacks
   829 | D        | Learned a level 3 spell: Mephitic Cloud
   833 | D        | Learned a level 3 spell: Stone Arrow
   837 | D        | Learned a level 3 spell: Vampiric Draining
   843 | D        | Learned a level 5 spell: Agony
   850 | D        | Learned a level 6 spell: Death Channel
   862 | D        | Entered arena 9.
   873 | D        | Reached XP level 10. HP: 74/81 MP: 23/23
   885 | D        | Found a transporter.
   952 | D        | Entered arena 10.
   952 | D        | Noticed a yaktaur captain
   952 | D        | Noticed a centaur warrior
   952 | D        | Noticed a cyclops
   952 | D        | Noticed a centaur warrior
   964 | D        | Found a transporter.
   973 | D        | Killed a cyclops
   974 | D        | Reached skill level 10 in Spellcasting
   974 | D        | Killed a centaur warrior
   977 | D        | Killed a yaktaur captain
   978 | D        | Reached skill level 10 in Invocations
   982 | D        | Killed a centaur warrior
  1005 | D        | Got the +5 flail of Ytuest {vamp, Int+3 Dex+2}
  1164 | D        | Entered arena 11.
  1164 | D        | Found the +7 sceptre of Torment {pain, torment}
  1164 | D        | Noticed a black mamba
  1176 | D        | Killed a black mamba
  1177 | D        | Reached skill level 10 in Throwing
  1177 | D        | Reached skill level 10 in Evocations
  1177 | D        | Reached XP level 11. HP: 50/90 MP: 25/25
  1178 | D        | Found a transporter.
  1193 | D        | Reached skill level 11 in Spellcasting
  1436 | D        | Got the Volume of Mutagenic Feathers
  1503 | D        | Entered arena 12.
  1503 | D        | Noticed a vampire mage
  1504 | D        | Noticed a vampire knight
  1504 | D        | Noticed a vampire knight
  1504 | D        | Found a transporter.
  1509 | D        | Paralysed by a vampire knight for 7 turns
  1513 | D        | HP: 3/89 [vampire knight (8)]
  1513 | D        | Mangled by a vampire knight

Illustrated notes

Levels and vault maps discovered:
D:        sprint_v [room_start, room_1, room_2, room_3, room_4, room_5, room_6,
          room_7, room_8, room_9, room_10, room_11, room_12, room_13, room_14,
          room_15, room_16, room_17, room_18, room_19, room_20, room_21,
          room_22, room_23, room_24, room_25, room_26, room_27]

Skill      XL: |  1  2  3  4  5  6  7  8  9 10 11 |
---------------+----------------------------------+-----
Fighting       | 2 3 4 5 6 7 8 9 |  9.8
Short Blades   | 2 3 4 5 6 7 8 9 |  9.8
Long Blades    | 2 3 4 5 6 7 8 9 |  9.8
Axes           | 2 3 4 5 6 7 8 9 |  9.8
Maces & Flails | 2 3 4 5 6 7 8 9 |  9.8
Polearms       | 2 3 4 5 6 7 8 9 |  9.8
Staves         | 2 3 4 5 6 7 8 9 |  9.8
Slings         | 2 3 4 5 6 7 8 9 |  9.8
Bows           | 2 3 4 5 6 7 8 9 |  9.8
Crossbows      | 2 3 4 5 6 7 8 9 |  9.8
Throwing       | 3 4 5 6 7 8 10 | 10.1
Armour         | 2 3 4 5 6 7 8 9 |  9.8
Dodging        | 2 3 4 5 6 7 8 9 |  9.8
Stealth        | 2 3 4 5 6 7 8 9 |  9.8
Shields        | 2 3 4 5 6 7 8 9 |  9.8
Unarmed Combat | 2 3 4 5 6 7 8 9 |  9.8
Spellcasting   | 5 6 7 8 9 10 11 | 11.0
Conjurations   | 1 2 3 4 5 6 8 |  8.2
Hexes          | 1 2 3 4 5 6 8 |  8.2
Summonings     | 4 5 6 7 8 9 |  9.1
Necromancy     | 1 2 3 4 5 6 8 |  8.2
Translocations | 2 3 4 5 6 7 8 |  8.5
Transmutations | 1 2 3 4 5 6 8 |  8.2
Fire Magic     | 1 2 3 4 5 6 8 |  8.2
Ice Magic      | 1 2 3 4 5 6 8 |  8.2
Air Magic      | 2 3 4 5 6 7 8 |  8.5
Earth Magic    | 1 2 3 4 5 6 8 |  8.2
Poison Magic   | 4 5 6 7 8 9 |  9.1
Invocations    | 2 3 5 6 7 9 10 | 10.6
Evocations     | 3 4 5 6 7 8 10 | 10.1

Action                   |  1- 3 |  4- 6 |  7- 9 | 10-12 || total
-------------------------+-------+-------+-------+-------++-------
Melee: Rapier            |     3 |     3 |    52 |    47 ||   105
       Bite              |       |       |     8 |    10 ||    18
       Flail             |       |       |       |    33 ||    33
Invok: Receive Corpses   |       |       |     1 |       ||     1
Evoke: Wand              |     4 |     5 |     9 |       ||    18
       Lightning rod     |       |     2 |     9 |     5 ||    16
  Use: Potion            |     1 |     2 |     5 |     2 ||    10
       Scroll            |       |       |     1 |     2 ||     3
 Stab: Invisible         |       |       |     4 |       ||     4
Armor: Robe              |       |     1 |     2 |       ||     3
       Gold dragon scale |       |       |    15 |   183 ||   198
Dodge: Dodged            |     2 |     4 |    47 |    50 ||   103
Block: Buckler           |     1 |     4 |    35 |    88 ||   128
       Kite shield       |       |       |       |     5 ||     5

Table legend: (Time is in decaauts)
 A = Elapsed time spent in this place.
 B = Non-inter-level travel time spent in this place.
 C = Inter-level travel time spent in this place.
 D = Time resting spent in this place.
 E = Time spent auto-exploring this place.
 F = Levels seen in this place.
 G = Mean time per level.
                   A        B        C        D        E       F      G
               +--------+--------+--------+--------+--------+-----+--------+
         Total |   1500 |   1500 |      0 |    902 |     22 |   1 | 1500.0 |
       Dungeon |   1500 |   1500 |      0 |    902 |     22 |   1 | 1500.0 |
               +--------+--------+--------+--------+--------+-----+--------+

Top non-repeatable levels by time:
       D: 1500 daAuts
